 Dungeon Crawl Stone Soup version 0.29.0-4-gdea44cf6ec (webtiles) character file.

Game seed: 13219274206274651369

24763 qw the Severer (level 12, -34/110 HPs)
             Began as a Minotaur Berserker on Sept 9, 2022.
             Was a Priest of Trog.
             Annihilated by Rupert
             ... wielding a +2 great sword of electrocution
              (36 damage)
             ... on level 4 of the Lair of Beasts.
             The game lasted 00:04:44 (14920 turns).

qw the Severer (Minotaur Berserker)                Turns: 14920, Time: 00:04:44

Health: -34/110    AC: 20    Str: 26    XL:     12   Next: 83%
Magic:  11/11      EV: 11    Int:  4    God:    Trog [***...]
Gold:   740        SH: 11    Dex: 11    Spells: 11/11 levels left

rFire   + . .      SeeInvis +   r - +0 broad axe (flame)
rCold   . . .      Faith    .   d - +0 kite shield
rNeg    + . .      Spirit   .   e - +0 plate armour
rPois   .          Reflect  .   (helmet restricted)
rElec   .          Harm     .   l - +0 cloak
rCorr   .          Rampage  .   n - +1 pair of gloves "Iwiegeugg" {rF+ rN+}
Will    .....                   (no boots)
Stlth   ..........              (no amulet)
HPRegen 1.08/turn               j - ring of see invisible
MPRegen 0.12/turn               p - +4 ring of evasion

@: about to teleport, on berserk cooldown
A: horns 2, retaliatory headbutt, iridescent scales 1, regeneration 1, subdued
magic 1, noise suppression
a: Renounce Religion, Berserk, Trog's Hand


You were on level 4 of the Lair of Beasts.
You worshipped Trog.
Trog was most pleased with you.
You visited 2 branches of the dungeon, and saw 14 of its levels.

You collected 824 gold pieces.
You spent 84 gold pieces at shops.


Innate Abilities, Weirdness & Mutations

You have a pair of horns on your head.
You reflexively headbutt those who attack you in melee.
You are partially covered in iridescent scales. (AC +2)
Your natural rate of healing is unusually fast.
Your spells are a little easier to cast, but a little less powerful.
You passively dampen the noise of your surroundings.


   Skills:
 - Level 11.1 Fighting
 - Level 18.0 Axes
 - Level 1.5 Throwing
 - Level 10.0 Armour
 - Level 4.0 Dodging
 + Level 11.7 Shields


You had 11 spell levels left.
You didn't know any spells.
Your spell library was empty.

Inventory:

Hand Weapons
 r - a +0 broad axe of flaming (weapon)
Armour
 d - a +0 kite shield (worn)
 e - a +0 plate armour (worn)
 l - a +0 cloak (worn)
 n - the +1 pair of gloves "Iwiegeugg" (worn) {rF+ rN+}
   (You acquired it on level 7 of the Dungeon)

   rF:        It protects you from fire.
   rN:        It protects you from negative energy.
Jewellery
 c - a +4 ring of protection
 j - a ring of see invisible (left hand)
 p - a +4 ring of evasion (right hand)
Scrolls
 k - 9 scrolls of identify
 q - a scroll of fear {unknown}
Potions
 a - 4 potions of might
 b - 4 potions of haste
 f - 2 potions of mutation
 g - a potion of resistance
 h - 3 potions of heal wounds
 i - 8 potions of curing
 o - 3 potions of attraction {unknown}

Dungeon Overview and Level Annotations

Branches:
Dungeon (10/15)            Temple (0/1) D:4            Lair (4/5) D:10
  Swamp (0/4) Lair:2        Snake (0/4) Lair:3
  Slime: Lair:4-5       Orc: D:9-12

Altars:
Ashenzari
Cheibriados
Elyvilon
Fedhas
Okawaru
Xom

Shops:
D:4 ?   D:6 *

Annotations:
D:3 3 runed translucent doors, qw's ghost, amateur GrFi
D:9 Harold
Lair:4 Rupert


Message History

You block Rupert's attack.
A blink frog comes into view.
Rupert completely misses you. You furiously retaliate!
You headbutt Rupert. You hit the blink frog. You burn the blink frog.
The blink frog is heavily wounded.
You slash Rupert! You burn Rupert.
You feel the effects of Trog's Hand fading.
You block Rupert's attack.
The blink frog hits you but does no damage.
The blink frog blinks!
Rupert hits you with a +2 great sword of electrocution!
You slash the blink frog! You burn the blink frog.
You kill the blink frog!
Trog accepts your kill.
You barely miss Rupert. You block Rupert's attack. x2
You slash Rupert! You burn Rupert.
Rupert is moderately wounded.
Rupert hits you with a +2 great sword of electrocution!!
The blink frog blinks!
You slash Rupert! You burn Rupert. You headbutt Rupert, but do no damage.
Rupert is moderately wounded.
You miss the blink frog. You block Rupert's attack.
The blink frog closely misses you. You furiously retaliate!
You headbutt the blink frog. You block Rupert's attack.
The blink frog hits you!
You slice Rupert!! You burn Rupert! Your headbutt misses Rupert.
Rupert is heavily wounded.
You barely miss the blink frog.
You feel yourself speed up.
Your skin stops crawling.
You feel less strong-willed.
Rupert hits you with a +2 great sword of electrocution!!
The blink frog hits you but does no damage.
Rupert hits you with a +2 great sword of electrocution!!
14920 ||| READING scroll of teleportation.
As you read the scroll of teleportation, it crumbles to dust.
You feel strangely unstable. You block the blink frog's attack.
Rupert hits you with a +2 great sword of electrocution!!!
You die...

#### ##... ##
#.... . ##...##
.#
#.##P....###.##
......@%......#
#@...P# #.F..##
#P(.## ###.##
#.P#
#########.##
##..#...P..P#
#.....>....##
#.###..##P##


You could see Rupert (berserk) and a blink frog.

Vanquished Creatures
  A boulder beetle (Lair:3)
  2 hydras (Lair:4)
  Erolcha (D:9)
  A catoblepas (Lair:4)
  Amaemon (Lair:2)
  Pikel (D:8)
  Joseph (D:8)
  A torpor snail (Lair:1)
  An orange demon (Lair:2)
  2 black mambas (Lair:3)
  6 cane toads
  2 rime drakes
  7 komodo dragons
  A polar bear (Lair:1)
  A hornet (D:9)
  14 blink frogs
  4 dream sheep (Lair:1)
  A wraith (D:10)
  35 yaks
  A shadow (D:10)
  A wyvern (Lair:4)
  A basilisk (Lair:2)
  A steam dragon (D:5)
  Menkaure (D:7)
  An acid dragon (D:10)
  11 water moccasins
  Edmund (D:6)
  An orc warrior (D:8)
  A sky beast (D:6)
  2 black bears (D:6)
  2 ogres
  6 wolves (Lair:2)
  3 lemures (D:8)
  4 centaurs
  A phantom (D:5)
  A kobold brigand (D:8)
  8 bullfrogs
  A gnoll sergeant (D:9)
  4 scorpions
  2 necrophages (D:8)
  8 wights
  5 killer bees (D:7)
  6 howler monkeys
  An electric eel (Lair:1)
  2 jellies
  6 hounds
  A gnoll bouda (D:7)
  6 orc priests
  Jessica (D:3)
  An iguana (D:7)
  5 orc wizards
  A mummy (D:7)
  20 gnolls
  14 adders
  2 ufetubi
  4 worms
  2 dart slugs
  29 orcs
  5 ball pythons
  4 endoplasms
  6 giant cockroaches
  9 goblins
  4 hobgoblins
  3 quokkas
  2 bats
  4 frilled lizards
  11 kobolds
  2 rats
301 creatures vanquished.

Vanquished Creatures (others)
  An orc priest (D:8)
  An orc wizard (D:8)
  An orc (D:8)
  15 fungi
  17 plants
35 creatures vanquished.

Grand Total: 336 creatures vanquished

Notes
Turn   | Place    | Note
-------+----------+-------------------------------------------
     0 | D:1      | qw the Minotaur Berserker began the quest for the Orb.
     0 | D:1      | Reached XP level 1. HP: 19/19 MP: 0/0
     0 | D:1      | 0 ||| qw: Version: 0.1-a-113-g051387a
     0 | D:1      | 0 ||| qw: Game counter: 7162
     0 | D:1      | 0 ||| qw: Always use a shield: true
     0 | D:1      | 0 ||| qw: Do Orc after D:15 true
     0 | D:1      | 0 ||| qw: Do second Lair branch before Depths: true
     0 | D:1      | 0 ||| qw: Lair rune preference: random
     0 | D:1      | 0 ||| qw: Plans: Normal
     0 | D:1      | 0 ||| PLANNING D:1-11
   179 | D:1      | Reached skill level 4 in Axes
   548 | D:1      | Reached XP level 2. HP: 25/26 MP: 1/1
   704 | D:1      | 704 ||| UPGRADING to +0 leather armour.
   714 | D:1      | 714 ||| DROPPING +0 animal skin.
   715 | D:1      | 715 ||| UPGRADING to +0 plate armour.
   725 | D:1      | 725 ||| DROPPING +0 leather armour.
   726 | D:1      | 726 ||| UPGRADING to ring of see invisible.
   727 | D:1      | 727 ||| READING scroll labelled OTAOSA YGRO.
   728 | D:1      | 728 ||| READING scroll labelled IHYQIGRO BERE.
   729 | D:1      | 729 ||| DRINKING 3 metallic black potions.
   729 | D:1      | Gained mutation: You passively dampen the noise of your
                  | surroundings. [potion of mutation]
   729 | D:1      | Gained mutation: Your spells are a little easier to cast,
                  | but a little less powerful. [potion of mutation]
   729 | D:1      | Gained mutation: Your natural rate of healing is unusually
                  | fast. [potion of mutation]
   729 | D:1      | Gained mutation: You are partially covered in iridescent
                  | scales. (AC +2) [potion of mutation]
   730 | D:1      | 730 ||| DRINKING 2 clear potions.
   806 | D:2      | 806 ||| INVOKING Berserk.
   969 | D:2      | Reached skill level 5 in Axes
   969 | D:2      | Reached XP level 3. HP: 31/31 MP: 2/2
   995 | D:2      | 995 ||| INVOKING Berserk.
  1326 | D:2      | 1326 ||| INVOKING Berserk.
  1461 | D:2      | 1461 ||| INVOKING Berserk.
  1576 | D:2      | 1576 ||| Stepping ~*~*~tactically~*~*~ (stealth).
  1578 | D:2      | 1578 ||| Stepping ~*~*~tactically~*~*~ (hiding).
  1579 | D:2      | 1579 ||| INVOKING Berserk.
  1590 | D:2      | Reached skill level 6 in Axes
  1590 | D:2      | Reached XP level 4. HP: 39/39 MP: 3/3
  1708 | D:2      | 1708 ||| DROPPING +0 club.
  1727 | D:2      | 1727 ||| Stepping ~*~*~tactically~*~*~ (stealth).
  1729 | D:2      | 1729 ||| Stepping ~*~*~tactically~*~*~ (hiding).
  1731 | D:2      | 1731 ||| INVOKING Berserk.
  1989 | D:2      | 1989 ||| DRINKING 2 purple potions.
  1990 | D:2      | 1990 ||| DRINKING 2 pink potions.
  1991 | D:2      | 1991 ||| DROPPING potion of brilliance.
  2077 | D:3      | 2077 ||| INVOKING Berserk.
  2083 | D:3      | Reached skill level 7 in Axes
  2083 | D:3      | Reached XP level 5. HP: 36/45 MP: 4/4
  2223 | D:3      | Noticed Jessica
  2224 | D:3      | 2224 ||| Stepping ~*~*~tactically~*~*~ (hiding).
  2236 | D:3      | Killed Jessica
  2370 | D:3      | 2370 ||| Stepping ~*~*~tactically~*~*~ (stealth).
  2503 | D:3      | Reached ** piety under Trog
  2529 | D:3      | 2529 ||| Stepping ~*~*~tactically~*~*~ (hiding).
  2530 | D:3      | 2530 ||| Stepping ~*~*~tactically~*~*~ (hiding).
  2534 | D:3      | 2534 ||| Stepping ~*~*~tactically~*~*~ (hiding).
  2535 | D:3      | 2535 ||| Stepping ~*~*~tactically~*~*~ (hiding).
  2538 | D:3      | 2538 ||| INVOKING Berserk.
  2541 | D:3      | Reached skill level 3 in Armour
  2946 | D:3      | Found a runed translucent gate.
  2946 | D:3      | Found a runed translucent gate.
  2947 | D:3      | Found a runed translucent gate.
  2953 | D:3      | Noticed qw's ghost (amateur GrFi)
  3056 | D:3      | 3056 ||| READING scroll labelled UBRIMO BIEFOU.
  3065 | D:4      | Found Guddeaho's Magic Scroll Boutique.
  3066 | D:4      | 3066 ||| STAIRDANCE
  3068 | D:3      | 3068 ||| INVOKING Berserk.
  3194 | D:4      | 3194 ||| STAIRDANCE
  3195 | D:4      | Reached XP level 6. HP: 49/52 MP: 5/5
  3214 | D:4      | 3214 ||| INVOKING Berserk.
  3215 | D:4      | 3215 ||| STAIRDANCE
  3339 | D:4      | 3339 ||| INVOKING Berserk.
  3361 | D:4      | 3361 ||| FLEEEEING.
  3363 | D:4      | 3363 ||| FLEEEEING.
  3364 | D:4      | 3364 ||| STAIRDANCE
  3525 | D:4      | 3525 ||| Stepping ~*~*~tactically~*~*~ (hiding).
  3526 | D:4      | 3526 ||| Stepping ~*~*~tactically~*~*~ (hiding).
  3533 | D:4      | 3533 ||| INVOKING Berserk.
  3646 | D:4      | 3646 ||| BUYING 2 scrolls of identify (56 gold).
  3646 | D:4      | Bought 2 scrolls of identify for 56 gold pieces
  3646 | D:4      | 3646 ||| SHOPLISTING scroll of enchant weapon (105 gold,
                  | have 33).
  3646 | D:4      | 3646 ||| BUYING scroll of identify (28 gold).
  3646 | D:4      | Bought a scroll of identify for 28 gold pieces
  3646 | D:4      | 3646 ||| SHOPLISTING scroll of teleportation (42 gold, have
                  | 5).
  3701 | D:4      | Found a staircase to the Ecumenical Temple.
  3714 | D:4      | Reached skill level 8 in Axes
  4119 | D:4      | 4119 ||| READING scroll labelled VOGEUTY YCENT.
  4120 | D:4      | 4120 ||| READING scroll labelled WAROCA OSSYN.
  4121 | D:4      | 4121 ||| READING scroll labelled ERA FUIRUJ.
  4122 | D:4      | 4122 ||| DRINKING 2 smoky white potions.
  4123 | D:4      | 4123 ||| READING 3 scrolls of identify.
  4123 | D:4      | 4123 ||| IDENTIFYING fizzy brown potion
  4124 | D:4      | 4124 ||| READING 2 scrolls of identify.
  4124 | D:4      | 4124 ||| IDENTIFYING green potion
  4125 | D:4      | 4125 ||| DROPPING potion of magic.
  4126 | D:4      | 4126 ||| Stepping randomly (stuck).
  4127 | D:4      | 4127 ||| Stepping ~*~*~tactically~*~*~ (cloud).
  4187 | D:5      | Entered Level 5 of the Dungeon
  4193 | D:5      | 4193 ||| Stepping ~*~*~tactically~*~*~ (stealth).
  4269 | D:5      | Noticed a steam dragon
  4272 | D:5      | 4272 ||| INVOKING Berserk.
  4275 | D:5      | Killed a steam dragon
  4276 | D:5      | Reached skill level 9 in Axes
  4276 | D:5      | Reached XP level 7. HP: 59/59 MP: 6/6
  4401 | D:5      | Found a shimmering altar of Xom.
  4447 | D:5      | 4447 ||| Stepping ~*~*~tactically~*~*~ (stealth).
  4622 | D:5      | 4622 ||| INVOKING Berserk.
  4803 | D:5      | Reached skill level 10 in Axes
  4845 | D:5      | 4845 ||| INVOKING Berserk.
  4911 | D:5      | 4911 ||| Stepping ~*~*~tactically~*~*~ (stealth).
  4913 | D:5      | 4913 ||| Stepping ~*~*~tactically~*~*~ (hiding).
  4915 | D:5      | 4915 ||| Stepping ~*~*~tactically~*~*~ (hiding).
  4916 | D:5      | 4916 ||| Stepping ~*~*~tactically~*~*~ (hiding).
  4989 | D:5      | 4989 ||| READING 2 scrolls labelled OTSUODODAYLEK.
  4992 | D:5      | 4992 ||| READING scroll labelled PETWE KEISK.
  4993 | D:5      | 4993 ||| READING scroll labelled OFUVEOPEIMO.
  4994 | D:5      | 4994 ||| READING 3 scrolls of identify.
  4994 | D:5      | 4994 ||| IDENTIFYING sedimented silvery potion
  4995 | D:5      | 4995 ||| READING 2 scrolls of identify.
  4995 | D:5      | 4995 ||| IDENTIFYING golden potion
  4996 | D:5      | 4996 ||| DROPPING potion of lignification.
  5006 | D:6      | 5006 ||| STAIRDANCE
  5015 | D:5      | Reached skill level 1 in Throwing
  5015 | D:5      | Reached XP level 8. HP: 65/69 MP: 7/7
  5021 | D:6      | 5021 ||| STAIRDANCE
  5063 | D:6      | Identified the +8 mace of the Bedazzled God {drain,
                  | *Corrode Dex+7}
  5065 | D:6      | 5065 ||| DROPPING +0 flail.
  5083 | D:6      | Reached skill level 6 in Fighting
  5108 | D:6      | 5108 ||| INVOKING Berserk.
  5256 | D:6      | Reached skill level 11 in Axes
  5273 | D:6      | 5273 ||| DROPPING +8 mace of the Bedazzled God {drain,
                  | *Corrode Dex+7}.
  5300 | D:6      | 5300 ||| INVOKING Berserk.
  5412 | D:6      | Noticed Edmund
  5413 | D:6      | 5413 ||| SWAPPING to +0 war axe.
  5415 | D:6      | 5415 ||| INVOKING Berserk.
  5420 | D:6      | Killed Edmund
  5525 | D:6      | 5525 ||| DROPPING +0 hand axe.
  5564 | D:6      | Found Xaeropre's Serpentskin Sales.
  5569 | D:6      | Reached skill level 12 in Axes
  5672 | D:6      | 5672 ||| INVOKING Berserk.
  5816 | D:6      | Reached XP level 9. HP: 70/79 MP: 8/8
  5849 | D:6      | Found an iron altar of Okawaru.
  5910 | D:6      | Found a white marble altar of Elyvilon.
  6007 | D:6      | 6007 ||| READING scroll labelled PULUKKAMIX.
  6008 | D:6      | 6008 ||| READING scroll labelled ILOONU WYAXO.
  6118 | D:7      | 6118 ||| FLEEEEING.
  6119 | D:7      | 6119 ||| STAIRDANCE
  6131 | D:7      | 6131 ||| STAIRDANCE
  6136 | D:7      | 6136 ||| STAIRDANCE
  6153 | D:7      | 6153 ||| INVOKING Berserk.
  6264 | D:7      | 6264 ||| Stepping ~*~*~tactically~*~*~ (stealth).
  6275 | D:7      | 6275 ||| INVOKING Berserk.
  6362 | D:7      | Reached skill level 13 in Axes
  6616 | D:7      | Noticed Menkaure
  6620 | D:7      | 6620 ||| INVOKING Berserk.
  6622 | D:7      | Killed Menkaure
  6623 | D:7      | Reached skill level 6 in Armour
  6859 | D:7      | Found a snail-covered altar of Cheibriados.
  6864 | D:7      | 6864 ||| UPGRADING to +0 cloak.
  6869 | D:7      | 6869 ||| READING scroll labelled TOGHEO OXIEDGH.
  6869 | D:7      | Identified a scroll of acquirement
  6869 | D:7      | 6869 ||| ACQUIRING +1 pair of gloves "Iwiegeugg" {rF+ rN+}
  6869 | D:7      | Acquired the +1 pair of gloves "Iwiegeugg" {rF+ rN+}
  6871 | D:7      | 6871 ||| UPGRADING to +1 pair of gloves "Iwiegeugg" {rF+
                  | rN+}.
  6876 | D:7      | 6876 ||| READING scroll labelled KEGHOA QIDYRCH.
  6877 | D:7      | 6877 ||| READING 3 scrolls of identify.
  6877 | D:7      | 6877 ||| IDENTIFYING bubbling puce potion
  6878 | D:7      | 6878 ||| DROPPING potion of flight.
  6913 | D:8      | 6913 ||| Stepping ~*~*~tactically~*~*~ (stealth).
  6915 | D:8      | 6915 ||| Stepping ~*~*~tactically~*~*~ (stealth).
  6925 | D:8      | 6925 ||| Stepping ~*~*~tactically~*~*~ (stealth).
  6933 | D:8      | 6933 ||| Stepping ~*~*~tactically~*~*~ (stealth).
  6934 | D:8      | 6934 ||| Stepping ~*~*~tactically~*~*~ (stealth).
  6938 | D:8      | Noticed Pikel
  6939 | D:8      | 6939 ||| Stepping ~*~*~tactically~*~*~ (stealth).
  6940 | D:8      | 6940 ||| Stepping ~*~*~tactically~*~*~ (stealth).
  6945 | D:8      | 6945 ||| INVOKING Berserk.
  6953 | D:8      | Killed Pikel
  7084 | D:8      | Noticed Joseph
  7085 | D:8      | 7085 ||| Stepping ~*~*~tactically~*~*~ (hiding).
  7100 | D:8      | Killed Joseph
  7316 | D:8      | Reached *** piety under Trog
  7574 | D:8      | Reached XP level 10. HP: 89/89 MP: 9/9
  7583 | D:8      | Found a broken altar of Ashenzari.
  7586 | D:8      | 7586 ||| Stepping ~*~*~tactically~*~*~ (hiding).
  7587 | D:8      | 7587 ||| Stepping ~*~*~tactically~*~*~ (hiding).
  7644 | D:8      | 7644 ||| Stepping ~*~*~tactically~*~*~ (stealth).
  7646 | D:8      | 7646 ||| Stepping ~*~*~tactically~*~*~ (stealth).
  7653 | D:8      | 7653 ||| INVOKING Berserk.
  7873 | D:8      | 7873 ||| UPGRADING to +0 buckler.
  7879 | D:8      | 7879 ||| READING 2 scrolls of teleportation.
  8068 | D:8      | 8068 ||| READING scroll of teleportation.
  8137 | D:9      | Reached skill level 1 in Shields
  8177 | D:9      | 8177 ||| Stepping ~*~*~tactically~*~*~ (hiding).
  8512 | D:9      | Reached skill level 3 in Shields
  8639 | D:9      | 8639 ||| Stepping ~*~*~tactically~*~*~ (hiding).
  8778 | D:9      | Noticed Harold
  8779 | D:9      | 8779 ||| Stepping ~*~*~tactically~*~*~ (stealth).
  8786 | D:9      | 8786 ||| Stepping ~*~*~tactically~*~*~ (stealth).
  8790 | D:9      | 8790 ||| Stepping ~*~*~tactically~*~*~ (stealth).
  8961 | D:9      | Reached skill level 14 in Axes
  9022 | D:9      | Noticed Erolcha
  9024 | D:9      | 9024 ||| Stepping ~*~*~tactically~*~*~ (hiding).
  9025 | D:9      | 9025 ||| INVOKING Trog's Hand.
  9026 | D:9      | 9026 ||| INVOKING Berserk.
  9029 | D:9      | Killed Erolcha
  9317 | D:9      | 9317 ||| UPGRADING to +0 kite shield.
  9327 | D:9      | 9327 ||| DROPPING +0 buckler.
  9328 | D:9      | 9328 ||| UPGRADING to +4 ring of evasion.
  9350 | D:10     | Entered Level 10 of the Dungeon
  9351 | D:10     | 9351 ||| STAIRDANCE
  9359 | D:10     | 9359 ||| STAIRDANCE
  9366 | D:9      | Reached skill level 6 in Shields
  9413 | D:10     | Found a staircase to the Lair.
  9502 | D:10     | 9502 ||| Stepping ~*~*~tactically~*~*~ (stealth).
  9503 | D:10     | 9503 ||| Stepping ~*~*~tactically~*~*~ (stealth).
  9507 | D:10     | 9507 ||| Stepping ~*~*~tactically~*~*~ (stealth).
  9513 | D:10     | 9513 ||| Stepping ~*~*~tactically~*~*~ (stealth).
  9559 | D:10     | Reached XP level 11. HP: 90/95 MP: 10/10
  9774 | D:10     | Found a blossoming altar of Fedhas.
  9778 | D:10     | 9778 ||| Stepping ~*~*~tactically~*~*~ (hiding).
  9779 | D:10     | 9779 ||| Stepping ~*~*~tactically~*~*~ (hiding).
  9925 | D:10     | 9925 ||| Stepping ~*~*~tactically~*~*~ (hiding).
 10122 | D:10     | 10122 ||| PLANNING LAIR
 10145 | Lair:1   | Entered Level 1 of the Lair of Beasts
 10152 | Lair:1   | 10152 ||| Stepping ~*~*~tactically~*~*~ (stealth).
 10154 | Lair:1   | Reached **** piety under Trog
 10155 | Lair:1   | Reached skill level 9 in Shields
 10158 | Lair:1   | 10158 ||| INVOKING Berserk.
 10170 | Lair:1   | Reached skill level 15 in Axes
 10355 | Lair:1   | 10355 ||| INVOKING Berserk.
 10456 | Lair:1   | 10456 ||| INVOKING Berserk.
 10462 | Lair:1   | Reached skill level 9 in Fighting
 10662 | Lair:1   | 10662 ||| INVOKING Berserk.
 10776 | Lair:1   | 10776 ||| INVOKING Berserk.
 10786 | Lair:1   | Reached skill level 3 in Dodging
 11045 | Lair:1   | 11045 ||| READING scroll of enchant weapon.
 11045 | Lair:1   | 11045 ||| ENCHANTING +1 war axe.
 11054 | Lair:1   | 11054 ||| Stepping ~*~*~tactically~*~*~ (hiding).
 11090 | Lair:1   | 11090 ||| INVOKING Berserk.
 11360 | Lair:1   | 11360 ||| INVOKING Berserk.
 11668 | Lair:2   | 11668 ||| INVOKING Berserk.
 11679 | Lair:2   | Reached skill level 16 in Axes
 11685 | Lair:2   | 11685 ||| FLEEEEING.
 11686 | Lair:2   | 11686 ||| STAIRDANCE
 11790 | Lair:2   | 11790 ||| INVOKING Berserk.
 11911 | Lair:2   | 11911 ||| Stepping ~*~*~tactically~*~*~ (hiding).
 11947 | Lair:2   | 11947 ||| INVOKING Berserk.
 12112 | Lair:2   | Reached skill level 9 in Armour
 12136 | Lair:2   | Noticed Amaemon
 12137 | Lair:2   | 12137 ||| INVOKING Berserk.
 12145 | Lair:2   | Killed Amaemon
 12146 | Lair:2   | Reached XP level 12. HP: 106/106 MP: 11/11
 12257 | Lair:2   | 12257 ||| DROPPING +0 morningstar.
 12268 | Lair:2   | 12268 ||| Stepping ~*~*~tactically~*~*~ (hiding).
 12321 | Lair:2   | Found a staircase to the Swamp.
 12376 | Lair:2   | 12376 ||| INVOKING Berserk.
 12488 | Lair:2   | 12488 ||| SWAPPING to +0 broad axe of flaming.
 12489 | Lair:2   | 12489 ||| DROPPING -1 demon whip of venom.
 12490 | Lair:2   | 12490 ||| DROPPING +2 war axe.
 12506 | Lair:2   | 12506 ||| Stepping ~*~*~tactically~*~*~ (stealth).
 12507 | Lair:2   | 12507 ||| Stepping ~*~*~tactically~*~*~ (stealth).
 12536 | Lair:2   | 12536 ||| INVOKING Berserk.
 13075 | Lair:2   | 13075 ||| READING 8 scrolls of identify.
 13075 | Lair:2   | 13075 ||| IDENTIFYING fizzy inky potion
 13076 | Lair:2   | 13076 ||| DROPPING potion of degeneration.
 13191 | Lair:3   | Noticed a boulder beetle
 13192 | Lair:3   | 13192 ||| INVOKING Berserk.
 13197 | Lair:3   | Killed a boulder beetle
 13330 | Lair:3   | Found a staircase to the Snake Pit.
 13372 | Lair:3   | 13372 ||| INVOKING Berserk.
 13526 | Lair:3   | 13526 ||| INVOKING Berserk.
 13731 | Lair:3   | 13731 ||| Stepping ~*~*~tactically~*~*~ (stealth).
 13740 | Lair:3   | Reached skill level 17 in Axes
 13894 | Lair:3   | Found the +8 whip "Snakebite" {venom, curare, rPois}
 13994 | Lair:3   | 13994 ||| Stepping ~*~*~tactically~*~*~ (stealth).
 13996 | Lair:3   | 13996 ||| Stepping ~*~*~tactically~*~*~ (stealth).
 13997 | Lair:3   | 13997 ||| INVOKING Berserk.
 14021 | Lair:3   | Reached skill level 18 in Axes
 14387 | Lair:3   | 14387 ||| DROPPING ring of ice.
 14439 | Lair:4   | Noticed a catoblepas
 14440 | Lair:4   | 14440 ||| Stepping ~*~*~tactically~*~*~ (cloud).
 14443 | Lair:4   | 14443 ||| Stepping ~*~*~tactically~*~*~ (hiding).
 14444 | Lair:4   | 14444 ||| Stepping ~*~*~tactically~*~*~ (hiding).
 14447 | Lair:4   | 14447 ||| INVOKING Berserk.
 14450 | Lair:4   | Killed a catoblepas
 14523 | Lair:4   | 14523 ||| Stepping ~*~*~tactically~*~*~ (stealth).
 14524 | Lair:4   | 14524 ||| Stepping ~*~*~tactically~*~*~ (stealth).
 14525 | Lair:4   | 14525 ||| Stepping ~*~*~tactically~*~*~ (stealth).
 14526 | Lair:4   | 14526 ||| Stepping ~*~*~tactically~*~*~ (stealth).
 14527 | Lair:4   | 14527 ||| Stepping ~*~*~tactically~*~*~ (stealth).
 14529 | Lair:4   | 14529 ||| Stepping ~*~*~tactically~*~*~ (stealth).
 14533 | Lair:4   | 14533 ||| INVOKING Berserk.
 14663 | Lair:4   | Identified the +0 helmet "Urheaz" {Str+6}
 14678 | Lair:4   | Noticed an eight-headed hydra
 14683 | Lair:4   | 14683 ||| INVOKING Berserk.
 14684 | Lair:4   | Killed a seven-headed hydra
 14893 | Lair:4   | 14893 ||| INVOKING Berserk.
 14898 | Lair:4   | Noticed a six-headed hydra
 14903 | Lair:4   | Noticed Rupert
 14904 | Lair:4   | 14904 ||| INVOKING Trog's Hand.
 14909 | Lair:4   | Killed a two-headed hydra
 14919 | Lair:4   | HP: 23/110 [Rupert/+2 great sword of electrocution (21)]
 14919 | Lair:4   | HP: 1/110 [Rupert/+2 great sword of electrocution (22)]
 14920 | Lair:4   | 14920 ||| READING scroll of teleportation.
 14920 | Lair:4   | Annihilated by Rupert

Levels and vault maps discovered:
D:1:      dpeg_arrival_simpleton_c, layout_basic, corner_web_ring
D:2:      layout_loops_ring
D:3:      layout_basic, gammafunk_ghost_necromancy, uniq_jessica
D:4:      nicolae_cairo_tiling_large_dashed, layout_rooms,
          minmay_temple_entry_wispy, serial_forest,
          infiniplex_forest_clump_large, infiniplex_forest_corner_1,
          infiniplex_forest_clump_long, infiniplex_forest_lined_room_2,
          infiniplex_forest_3_way, infiniplex_forest_lined_room_3,
          infiniplex_forest_lined_2, serial_shops, nicolae_diamond_shop
D:5:      layout_gridville, brannock_xom_greatest_gift
D:6:      layout_cave_pools, elyvilon_altar_5, mainiacjoe_overflow_24_doors,
          guppyfry_shop_venom, uniq_edmund
D:7:      layout_gridville, slow_altar_2, uniq_menkaure
D:8:      layout_basic, mainiacjoe_overflow_boulevard, serial_co_window_serial,
          co_window_corner_a, co_window_paths_a, co_window_corner_a,
          co_window_corner_a, co_window_of_opportunity_a, co_window_broadway_a,
          co_window_corner_ca, co_window_of_opportunity_c, co_window_broadway_c,
          co_window_broadway_a, co_window_2corner, glass_columns_a,
          glass_columns_b, glass_columns_c, lemuel_flamethrower_2, uniq_pikel,
          uniq_joseph
D:9:      layout_loops_corners, uniq_harold, uniq_erolcha
D:10:     layout_gridville, fedhas_bush_and_centaur_altar, lair_entry_dummy
Lair:1:   layout_chaotic_city, infiniplex_staircase_pool
Lair:2:   layout_regular_city, minmay_swamp_entry_eels, uniq_amaemon
Lair:3:   minmay_guarded_unrand_snakebite, layout_regular_city,
          dummy_snake_entry
Lair:4:   layout_loops_ring, portal_ice_cave_demonic_guard, uniq_rupert

Skill      XL: |  1  2  3  4  5  6  7  8  9 10 11 12 |
---------------+-------------------------------------+-----
Axes           | 4 5 6 7 9 10 12 13 14 16 18 | 18.0
Fighting       | 4 5 7 8 10 11 | 11.1
Armour         | 3 4 5 8 9 10 | 10.0
Throwing       | 1 |  1.5
Shields        | 8 11 | 11.7
Dodging        | 3 4 |  4.0

Action                   |  1- 3 |  4- 6 |  7- 9 | 10-12 || total
-------------------------+-------+-------+-------+-------++-------
Melee: Hand axe          |    60 |   124 |    98 |       ||   282
       Headbutt          |     5 |    10 |    31 |   102 ||   148
       Unarmed           |       |     3 |       |       ||     3
       War axe           |       |       |   111 |   325 ||   436
       Punch             |       |       |     2 |       ||     2
       Broad axe         |       |       |       |   139 ||   139
Throw: Boomerang         |       |    28 |    53 |    31 ||   112
Invok: Berserk           |     5 |     8 |    10 |    23 ||    46
       Trog's Hand       |       |       |       |     2 ||     2
  Use: Potion            |     2 |     3 |       |       ||     5
       Scroll            |     2 |     6 |    10 |     5 ||    23
Armor: Animal skin       |     6 |       |       |       ||     6
       Plate armour      |    17 |    53 |   104 |   140 ||   314
Dodge: Dodged            |    23 |    37 |    68 |   131 ||   259
Block: Buckler           |       |       |       |    19 ||    19
       Kite shield       |       |       |       |   118 ||   118

Table legend:
 A = Non-vault XP
 B = Vault XP
 C = Vault XP percentage of total XP
 D = Non-vault monster count
 E = Vault monster count
 F = Vault count percentage of total count
                 A         B        C        D         E       F
            +---------+---------+-------+---------+---------+-------
      Total |   30210 |    5166 |  14.6 |     277 |      21 |   7.0
            +---------+---------+-------+---------+---------+-------
        D:1 |      12 |       0 |   0.0 |       8 |       0 |   0.0
        D:2 |     150 |       0 |   0.0 |      26 |       0 |   0.0
        D:3 |     171 |      37 |  17.8 |      26 |       1 |   3.7
        D:4 |     200 |       0 |   0.0 |      17 |       0 |   0.0
        D:5 |     893 |       0 |   0.0 |      20 |       0 |   0.0
        D:6 |     962 |     459 |  32.3 |      19 |       4 |  17.4
        D:7 |     963 |     190 |  16.5 |      20 |       2 |   9.1
        D:8 |     708 |    1138 |  61.6 |      22 |       2 |   8.3
        D:9 |    3160 |     865 |  21.5 |      24 |       1 |   4.0
       D:10 |    1996 |     108 |   5.1 |      16 |       1 |   5.9
     Lair:1 |    4899 |       0 |   0.0 |      19 |       0 |   0.0
     Lair:2 |    6223 |    1193 |  16.1 |      29 |       2 |   6.5
     Lair:3 |    5244 |    1176 |  18.3 |      19 |       8 |  29.6
     Lair:4 |    4629 |       0 |   0.0 |      12 |       0 |   0.0
            +---------+---------+-------+---------+---------+-------
